 Dungeon Crawl Stone Soup version 0.31-a0-83-gbff143cfd1 (webtiles) character file.

Game seed: 6190261493773143848

19361 ragingrage the Marksant (level 13, -2/90 (96) HPs)
             Began as a Formicid Hunter on May 24, 2023.
             Was a High Priest of Nemelex Xobeh.
             Slain by a four-headed hydra (3 damage)
             ... on level 3 of the Lair of Beasts.
             The game lasted 00:19:53 (13084 turns).

ragingrage the Marksant (Formicid Hunter)          Turns: 13084, Time: 00:19:54

HP:   -2/90 (96)    AC: 13    Str: 16    XL:     13   Next: 4%
MP:   19/19         EV: 11    Int: 10    God:    Nemelex Xobeh [*****.]
Gold: 208           SH:  7    Dex: 27    Spells: 12/12 levels left

rFire   + + .        a - +0 orcbow
rCold   + . .        n - +0 buckler
rNeg    . . .        L - +2 ring mail {rF+}
rPois   +            (helmet unavailable)
rElec   .            r - scarf {rC+ rF+}
rCorr   .            l - +2 pair of gloves
SInv    +            s - +0 pair of boots
Will    +....        E - amulet of regeneration
Stlth   +++          D - ring of poison resistance
HPRegen 1.15/turn    C - +6 ring of dexterity
MPRegen 0.16/turn

%: no passive effects
@: drained, invisible
A: permanent stasis, dig shafts and tunnels, antennae 3, four strong arms
a: Dig, Shaft Self, Renounce Religion, Draw Escape, Draw Destruction, Draw
Summoning, Triple Draw, Deal Four, Stack Five


You were on level 3 of the Lair of Beasts.
You worshipped Nemelex Xobeh.
Nemelex Xobeh was extremely pleased with you.
You visited 2 branches of the dungeon, and saw 13 of its levels.
You also visited: Sewer.

You collected 611 gold pieces.
You spent 403 gold pieces at shops.

Inventory:

Hand Weapons
 a - a +0 orcbow (weapon)
 b - a +1 dagger of venom
Missiles
 J - a throwing net
 M - a curare-tipped dart
Armour
 l - a +2 pair of gloves (worn)
 n - a +0 buckler (worn)
 r - a scarf of resistance (worn)
 s - a +0 pair of boots (worn)
 y - a +0 ring mail of willpower
 L - a +2 ring mail of fire resistance (worn)
Jewellery
 C - a +6 ring of dexterity (right hand)
 D - a ring of poison resistance (left hand)
 E - an amulet of regeneration (around neck)
Wands
 c - a wand of flame (13)
 h - a wand of digging (6)
 u - a wand of mindburst (12)
 v - a wand of acid (4)
Scrolls
 e - a scroll of amnesia
 f - a scroll of fog
 i - a scroll of poison
 j - 3 scrolls of identify
 k - 5 scrolls of magic mapping
 q - 3 scrolls of immolation
 z - 2 scrolls of enchant weapon
 B - a scroll of torment
 H - 5 scrolls of fear
Potions
 d - 2 potions of might
 g - 2 potions of lignification
 m - 2 potions of attraction
 o - a potion of magic
 p - 3 potions of invisibility
 t - 3 potions of ambrosia
 w - a potion of resistance {unknown}
 x - 5 potions of curing
 A - 2 potions of brilliance
 K - a potion of cancellation
 N - 4 potions of mutation


   Skills:
 + Level 7.4 Fighting
 - Level 16.0 Ranged Weapons
 + Level 7.1 Armour
 - Level 1.7 Dodging
 - Level 5.0 Stealth
 - Level 6.0 Shields
 + Level 9.3 Invocations


You had 12 spell levels left.
You didn't know any spells.
Your spell library contained the following spells:

 Spells                   Type           Power      Damage    Failure   Level
 Cigotuvi's Dreadful Rot  Necr/Pois/Air  0%         N/A       77%         2
 Poisonous Vapours        Pois/Air       0%         N/A       77%         2
 Scorch                   Fire           0%         2d5       77%         2
 Ignite Poison            Fire/Tmut/Pois 0%         N/A       94%         3
 Mephitic Cloud           Conj/Pois/Air  0%         N/A       94%         3
 Flame Wave               Conj/Fire      0%         2d4       100%        4
 Arcjolt                  Conj/Air       0%         1d10      100%        5
 Freezing Cloud           Conj/Ice/Air   0%         6-21      100%        5
 Plasma Beam              Fire/Air       0%         2x1d11    100%        6
 Summon Cactus Giant      Summ           0%         N/A       100%        6
 Maxwell's Capacitive Co  Air            0%         ∞         100%        8
 Vhi's Electric Charge    Tloc/Air       Unusable   N/A       N/A         3

Dungeon Overview and Level Annotations

Branches:
Dungeon (10/15)            Temple (0/1) D:7            Lair (2/5) D:9
 Shoals (0/4) Lair:2        Sewer (visited)
  Snake: Lair:2-3    Spider: Lair:2-3       Orc: D:9-12

Altars:
Ashenzari
Dithmenos
Elyvilon
Gozag
Makhleb
Nemelex Xobeh
Okawaru
Qazlal
Trog
Uskayaw
Vehumet
Wu Jian
Xom
Zin

Shops:
D:4 *   D:6 *   D:9 *

Annotations:
D:3 1 runed translucent door, Crazy Yiuf
D:7 3 runed translucent doors, BlasphemerAmon's ghost, novice KoHu
D:8 3 runed translucent doors, exclusion: yak, SirDiesAlot's ghost, novice OgGl
D:10 exclusion: flayed ghost


Innate Abilities, Weirdness & Mutations

You cannot be hasted, slowed, berserked, paralysed or teleported.
You can dig through walls and to a lower floor.
You have a pair of large antennae on your head. (SInv)
Your four strong arms can wield two-handed weapons with a shield.


Message History

* * * LOW HITPOINT WARNING * * *
You block the four-headed hydra's attack.
The four-headed hydra bites you but does no damage.
Unknown command.
You draw a card...
You have drawn the Swarm.
The four-headed hydra bites you.
* * * LOW HITPOINT WARNING * * *
The four-headed hydra closely misses you.
You block the four-headed hydra's attack.
The four-headed hydra barely misses you.
Unknown command.
You feel better.
Your killer bee stings the four-headed hydra. x2
The four-headed hydra closely misses your killer bee.
The four-headed hydra misses your killer bee.
The four-headed hydra bites your killer bee. x2
Unknown command.
You fade into invisibility!
Your killer bee stings the four-headed hydra.
Your killer bee stings the four-headed hydra!
The four-headed hydra is poisoned.
Your killer bee poisons the four-headed hydra!
The four-headed hydra bites you!
* * * LOW HITPOINT WARNING * * *
The four-headed hydra bites you but does no damage.
The four-headed hydra barely misses you.
You block the four-headed hydra's attack.
Unknown command.
Fire: a) +0 orcbow
Aim: a four-headed hydra (moderately wounded, wandering, unable to see you, very poisoned, ally target, hasn't noticed you, 84% to hit)
You shoot an arrow. The arrow hits the four-headed hydra!
Your killer bee stings the four-headed hydra.
Fire: a) +0 orcbow
Aim: a four-headed hydra (heavily wounded, wandering, unable to see you, very poisoned, ally target, hasn't noticed you, 84% to hit)
You shoot an arrow. The arrow hits the four-headed hydra!
Your killer bee barely misses the four-headed hydra.
The four-headed hydra bites you!
* * * LOW HITPOINT WARNING * * *
The four-headed hydra bites you.
You die...
Your body glows with a rainbow of weird colours and disappears.

........#..#
.......##..#
.......##..#
...^.y.#...#
.#..###....#
.#### ##...# .
##..#####
##...†#y###
#P...#†#D@#
.......#######
.....)...
..........
#.###..... ##
##P.... ##....
#.


You could see a four-headed hydra (wandering, unable to see you, very poisoned,
ally target) and a friendly killer bee (summoned).

Vanquished Creatures
  A great orb of eyes (Lair:2)
  2 two-headed ogres (D:10)
  A lindwurm (Lair:3)
  An orc knight (D:10)
  A cyclops (D:9)
  A manticore (Lair:2)
  2 elephants (Lair:3)
  Joseph (D:9)
  A black mamba (Lair:3)
  3 cane toads (Lair:1)
  A rime drake (Lair:1)
  A kobold demonologist (D:9)
  A yaktaur (Lair:3)
  2 unseen horrors (D:10)
  3 komodo dragons
  A hornet (Lair:3)
  A raiju (Lair:1)
  A jumping spider (Lair:3)
  3 wyverns (D:9)
  25 yaks
  A basilisk (Lair:2)
  2 steam dragons (D:7)
  Duvessa (D:7)
  A floating eye (Lair:3)
  6 water moccasins
  An acid dragon (D:10)
  3 ice beasts
  2 orc warriors (D:8)
  3 sky beasts
  3 black bears
  2 ogres (D:5)
  11 wolves
  4 centaurs
  3 phantoms
  3 kobold brigands
  5 bullfrogs
  2 gnoll sergeants
  6 scorpions
  3 wights (D:10)
  Dowan (D:7)
  14 killer bees (D:9)
  2 howler monkeys
  An electric eel (D:8)
  7 jellies
  5 hounds
  3 orc priests
  Ijyb (D:3)
  Terence (D:3)
  4 iguanas
  2 sleepcaps
  Natasha (thrice) (D:3)
  6 orc wizards
  A statue (D:9)
  Robin (D:3)
  7 gnolls
  3 river rats
  6 adders
  3 shadow imps
  A white imp (D:5)
  2 ufetubi
  A worm (D:4)
  4 dart slugs
  29 orcs
  9 ball pythons
  15 endoplasms
  10 giant cockroaches
  26 goblins
  16 hobgoblins
  3 jackals (D:5)
  17 kobolds
  3 quokkas
  14 bats
  A frilled lizard (Sewer)
  11 rats
348 creatures vanquished.

Vanquished Creatures (others)
  An orc (D:5)
1 creature vanquished.

Grand Total: 349 creatures vanquished

Notes
Turn   | Place    | Note
-------+----------+-------------------------------------------
     0 | D:1      | ragingrage the Formicid Hunter began the quest for the Orb.
     0 | D:1      | Reached XP level 1. HP: 16/16 MP: 1/1
    72 | D:1      | Reached XP level 2. HP: 22/22 MP: 2/2
   511 | D:1      | Reached XP level 3. HP: 27/27 MP: 3/3
  1079 | D:2      | Reached XP level 4. HP: 18/33 MP: 4/4
  1157 | D:2      | Reached skill level 5 in Ranged Weapons
  1716 | D:3      | Noticed Terence
  1781 | D:3      | Found a runed translucent door.
  1782 | D:3      | Noticed Crazy Yiuf
  1902 | D:3      | Killed Terence
  1903 | D:3      | Reached skill level 1 in Shields
  2016 | D:3      | Noticed Ijyb
  2030 | D:3      | Killed Ijyb
  2031 | D:3      | Reached XP level 5. HP: 18/38 MP: 5/5
  2202 | D:3      | Noticed Natasha
  2217 | D:3      | Killed Natasha
  2583 | D:3      | Noticed Robin
  2620 | D:3      | Killed Robin
  2621 | D:3      | Reached skill level 6 in Ranged Weapons
  2840 | D:3      | Found a sparkling altar of Nemelex Xobeh.
  2895 | D:3      | Noticed Natasha
  2913 | D:3      | Killed Natasha
  2914 | D:3      | Reached XP level 6. HP: 14/44 MP: 6/6
  3108 | D:3      | Noticed Natasha
  3118 | D:3      | Killed Natasha
  3483 | D:3      | Became a worshipper of Nemelex Xobeh the Trickster
  3582 | D:4      | Reached skill level 7 in Ranged Weapons
  3639 | D:4      | Found Zubrol's Assorted Antiques.
  3646 | D:4      | Bought a twisted ivory wand for 84 gold pieces
  3646 | D:4      | Bought a jewelled brass wand for 84 gold pieces
  3678 | D:4      | Reached XP level 7. HP: 41/50 MP: 7/7
  3869 | D:4      | Found a stormy altar of Qazlal.
  4241 | D:5      | Entered Level 5 of the Dungeon
  4262 | D:5      | Reached skill level 8 in Ranged Weapons
  4510 | D:5      | Reached skill level 9 in Ranged Weapons
  4510 | D:5      | Reached XP level 8. HP: 28/56 MP: 8/8
  4672 | D:5      | Found a shadowy altar of Dithmenos.
  4847 | D:5      | Found a glowing drain.
  4853 | Sewer    | Entered a sewer
  4853 | Sewer    | Reached * piety under Nemelex Xobeh
  4853 | Sewer    | Received a gift from Nemelex Xobeh
  5060 | Sewer    | Reached skill level 1 in Invocations
  5076 | Sewer    | Found a viscous altar of Jiyva.
  5111 | Sewer    | Reached skill level 10 in Ranged Weapons
  5326 | D:5      | Reached XP level 9. HP: 25/61 MP: 11/11
  5977 | D:5      | Reached skill level 5 in Invocations
  6296 | D:4      | Bought a scratched cabochon ring for 105 gold pieces
  6369 | D:6      | You fall into a shaft and drop 2 floors!
  6384 | D:8      | Found a runed translucent gate.
  6384 | D:8      | Found a runed translucent gate.
  6384 | D:8      | Found an opulent altar of Gozag.
  6384 | D:8      | Found a runed translucent gate.
  6384 | D:8      | Noticed a purple ugly thing
  6384 | D:8      | Noticed SirDiesAlot's ghost (novice OgGl)
  6421 | D:8      | Found a hide-covered altar of Uskayaw.
  6472 | D:8      | Found a shimmering altar of Xom.
  6534 | D:8      | Reached skill level 11 in Ranged Weapons
  6547 | D:7      | HP: 3/61 [steam dragon (7)]
  6943 | D:7      | Found a runed translucent gate.
  6943 | D:7      | Found a runed translucent gate.
  6944 | D:7      | Found a runed translucent gate.
  6945 | D:7      | Noticed BlasphemerAmon's ghost (novice KoHu)
  7036 | D:7      | Found a staircase to the Ecumenical Temple.
  7040 | D:7      | Found a broken altar of Ashenzari.
  7052 | D:7      | Reached skill level 12 in Ranged Weapons
  7085 | D:6      | Reached ** piety under Nemelex Xobeh
  7268 | D:6      | Reached XP level 10. HP: 67/67 MP: 13/13
  7295 | D:6      | Found an ornate altar of the Wu Jian Council.
  7423 | D:6      | Found Bocvoat's General Store.
  7433 | D:6      | Bought a scroll of fear for 52 gold pieces
  7464 | D:6      | Found a glowing silver altar of Zin.
  7633 | D:7      | Reached skill level 13 in Ranged Weapons
  7706 | D:7      | Noticed Duvessa
  7706 | D:7      | Noticed Dowan
  7709 | D:7      | Killed Duvessa
  7717 | D:7      | Killed Dowan
  7747 | D:7      | Received a gift from Nemelex Xobeh
  7955 | D:7      | Found a white marble altar of Elyvilon.
  8212 | D:8      | Found a bloodstained altar of Trog.
  8533 | D:8      | Reached skill level 14 in Ranged Weapons
  8941 | D:9      | Noticed a kobold demonologist
  8945 | D:9      | Noticed a smoke demon
  8975 | D:9      | Noticed a sixfirhy
  8980 | D:9      | Killed a kobold demonologist
  9075 | D:9      | Reached skill level 15 in Ranged Weapons
  9075 | D:9      | Reached XP level 11. HP: 72/72 MP: 14/14
  9075 | D:9      | Found a radiant altar of Vehumet.
  9151 | D:9      | Found a staircase to the Lair.
  9160 | D:9      | Reached *** piety under Nemelex Xobeh
  9207 | D:9      | Received a gift from Nemelex Xobeh
  9304 | D:9      | Found Ithrets's Changing Room.
  9375 | D:9      | Reached skill level 16 in Ranged Weapons
  9399 | D:9      | Bought 2 potions of lignification for 78 gold pieces
  9666 | D:9      | Noticed Joseph
  9676 | D:9      | Killed Joseph
  9677 | D:9      | Reached skill level 1 in Armour
  9918 | D:9      | Noticed a cyclops
  9924 | D:9      | Killed a cyclops
 10261 | D:10     | Entered Level 10 of the Dungeon
 10333 | D:10     | Found an iron altar of Okawaru.
 10370 | D:10     | Found a burning altar of Makhleb.
 10398 | D:10     | Received a gift from Nemelex Xobeh
 10429 | D:10     | Reached **** piety under Nemelex Xobeh
 10494 | D:10     | Noticed a two-headed ogre
 10502 | D:10     | Killed a two-headed ogre
 10685 | D:10     | Received a gift from Nemelex Xobeh
 11120 | D:10     | Received a gift from Nemelex Xobeh
 11120 | D:10     | Noticed a two-headed ogre
 11222 | D:10     | Killed a two-headed ogre
 11223 | D:10     | Reached skill level 5 in Stealth
 11224 | D:10     | Reached XP level 12. HP: 72/83 MP: 16/16
 11290 | D:10     | Noticed a flayed ghost
 11463 | D:10     | Reached skill level 5 in Shields
 11789 | Lair:1   | Entered Level 1 of the Lair of Beasts
 11993 | Lair:1   | Reached skill level 5 in Fighting
 12022 | Lair:1   | Found a dark tunnel.
 12208 | Lair:1   | Reached skill level 5 in Armour
 12221 | Lair:1   | Reached ***** piety under Nemelex Xobeh
 12243 | Lair:1   | Received a gift from Nemelex Xobeh
 12610 | Lair:2   | Found a staircase to the Shoals.
 12613 | Lair:2   | Noticed a six-headed hydra
 12622 | Lair:2   | a six-headed hydra changed into a great orb of eyes
 12622 | Lair:2   | Noticed a great orb of eyes
 12750 | Lair:2   | Killed a great orb of eyes
 12974 | Lair:2   | You fall into a shaft and drop 1 floor!
 13071 | Lair:3   | Reached XP level 13. HP: 45/96 MP: 19/19
 13077 | Lair:3   | Noticed a four-headed hydra
 13084 | Lair:3   | HP: 1/90 [four-headed hydra (7)]
 13084 | Lair:3   | Slain by a four-headed hydra

Illustrated notes

Levels and vault maps discovered:
D:1:      eino_arrival_druids_welcome, layout_basic, minmay_misc_feat_diagonals
D:2:      layout_basic, shapermc_ecumenical_altar_petra, minmay_bisected
D:3:      layout_basic, nemelex_dance_club_becter, grunt_decor_resistance,
          uniq_ijyb, uniq_crazy_yiuf_cottage, uniq_robin, uniq_terence,
          uniq_natasha
D:4:      layout_cave_pools, marbit_many_paths, serial_shops, shop,
          kennysheep_pointless_box, hangedman_decor_diamond_cutter,
          nrook_mini_vaults, kennysheep_generic_room_10
D:5:      layout_loops_ring, nicolae_dithmenos_through_a_glass_darkly,
          gup_sewer_entry_spiral, grunt_ministairs_6, minmay_bent
D:6:      layout_gridville, nicolae_wu_jian_immortal_techniques,
          zin_scriptorium, serial_shops, shop
D:7:      layout_cave_pools, general_overflow_altar,
          ashenzari_conservatory_becter, minmay_temple_entry_overgrown,
          ebering_ghost_rock_garden, uniq_duvessa
D:8:      layout_basic, overflow_temple_1_default,
          mainiacjoe_overflow_catch_the_wave, ebering_ghost_gozag,
          enter_bailey_4, minmay_door_square
D:9:      layout_basic, vehumet_statue, due_lair_maze_entry_diamond,
          nicolae_transmutations_shop, nrook_mini_backslash,
          dreamdust_princess_bridge, roderic_batcave, uniq_joseph
D:10:     layout_layer_cave, kennysheep_okawaru_gauntlet, bloody_makhleb,
          minmay_three_doors
Lair:1:   layout_small_grid, nicolae_volcano_entry_lava_flow,
          infiniplex_staircase_pool_2, lemuel_fruit_tree
Lair:2:   layout_small_grid, minmay_shoals_entry_beasts
Lair:3:   layout_chaotic_city, minmay_snake_entry_six_corridors,
          minmay_lair_oklob_items, grunt_megastairs_5, serial_bayou_shore_b

Skill      XL: |  1  2  3  4  5  6  7  8  9 10 11 12 |
---------------+-------------------------------------+-----
Stealth        | 2 3 5 |  5.0
Ranged Weapons | 5 6 7 9 10 12 15 16 | 16.0
Shields        | 2 4 6 |  6.0
Invocations    | 3 5 6 9 |  9.3
Armour         | 3 7 |  7.1
Fighting       | 4 7 |  7.4
Dodging        | |  1.7

Action                     |  1- 3 |  4- 6 |  7- 9 | 10-12 | 13-15 || total
---------------------------+-------+-------+-------+-------+-------++-------
  Melee: Dagger            |       |   161 |   156 |    23 |       ||   340
   Fire: Shortbow          |   111 |    57 |   265 |       |       ||   433
         Orcbow            |       |       |    72 |   717 |     7 ||   796
  Throw: Dart              |       |       |       |     3 |       ||     3
 Invoke: Draw Destruction  |       |       |       |    12 |     1 ||    13
         Draw Summoning    |       |       |       |       |     1 ||     1
Ability: Dig               |     2 |       |     3 |     2 |     1 ||     8
  Evoke: Wand              |       |       |     2 |     2 |       ||     4
    Use: Potion            |       |     1 |     3 |     1 |     3 ||     8
         Scroll            |       |       |     5 |    12 |       ||    17
   Stab: Distracted        |       |     1 |       |       |       ||     1
         Invisible         |       |       |     1 |       |       ||     1
         Sleeping          |       |       |     2 |       |       ||     2
 Armour: Leather armour    |     6 |       |       |       |       ||     6
         Ring mail         |       |    42 |    93 |   107 |     2 ||   244
         Steam dragon scal |       |       |    13 |     9 |       ||    22
  Dodge: Dodged            |    17 |    75 |   149 |   157 |     6 ||   404
  Block: Buckler           |       |    41 |    75 |   113 |     6 ||   235

Table legend: (Time is in decaauts)
 A = Elapsed time spent in this place.
 B = Non-inter-level travel time spent in this place.
 C = Inter-level travel time spent in this place.
 D = Time resting spent in this place.
 E = Time spent auto-exploring this place.
 F = Levels seen in this place.
 G = Mean time per level.
                   A        B        C        D        E       F      G
               +--------+--------+--------+--------+--------+-----+--------+
         Total |  13093 |  12300 |    793 |   2007 |   7229 |  14 |  935.2 |
       Dungeon |  11491 |  10704 |    787 |   1782 |   6440 |  10 | 1149.1 |
          Lair |   1248 |   1242 |      6 |    177 |    649 |   3 |  416.0 |
         Sewer |    353 |    353 |      0 |     47 |    139 |   1 |  353.0 |
               +--------+--------+--------+--------+--------+-----+--------+

Top non-repeatable levels by time:
     D:3: 1762 daAuts
     D:5: 1570 daAuts
    D:10: 1487 daAuts
     D:9: 1371 daAuts
     D:8: 1093 daAuts
     D:4: 999 daAuts
     D:1: 974 daAuts
     D:7: 835 daAuts
  Lair:1: 777 daAuts
     D:2: 765 daAuts
     D:6: 631 daAuts
  Lair:2: 374 daAuts
   Sewer: 353 daAuts
  Lair:3: 96 daAuts
